 Dungeon Crawl Stone Soup version 0.20.1-1-g8b1a95d (webtiles) character file.

3025 Ladhar the Carver (level 9, -1/71 HPs)
             Began as a Minotaur Berserker on Oct 24, 2017.
             Was a High Priest of Trog.
             Slain by a death yak (13 damage)
             ... on level 8 of the Dungeon.
             The game lasted 00:38:50 (7314 turns).

Ladhar the Carver (Minotaur Berserker)              Turns: 7314, Time: 00:38:50

Health: -1/71      AC: 16    Str: 25    XL:     9   Next: 55%
Magic:  0/8        EV:  8    Int:  4    God:    Trog [*****.]
Gold:   321        SH:  0    Dex: 10    Spells: 8/8 levels left

rFire    x . .     SeeInvis .   O - +1 hand axe (chop)
rCold    + . .     Gourm    .   (no shield)
rNeg     . . .     Faith    .   C - +0 plate armour
rPois    .         Spirit   +   (helmet restricted)
rElec    .         Reflect  .   r - +0 cloak
rCorr    .         Harm     .   e - +0 pair of gloves
MR       ++...                  d - +1 pair of boots
Stlth    ..........             G - amulet of guardian spirit
Regen    1.3/turn               A - ring of ice
MPRegen  0.2/turn               (no ring)

@: regenerating, drained
A: retaliatory headbutt, horns 2
a: Berserk, Trog's Hand, Brothers in Arms, Burn Spellbooks, Renounce Religion


You were on level 8 of the Dungeon.
You worshipped Trog.
Trog was extremely pleased with you.
You were hungry.

You visited 1 branch of the dungeon, and saw 8 of its levels.
You also visited: Sewer.

You collected 321 gold pieces.

Inventory:

Hand Weapons
 a - a +0 falchion
 M - a +3 hand axe
 O - a +1 hand axe of chopping (weapon)
Missiles
 v - 23 tomahawks (quivered)
Armour
 d - a +1 pair of boots (worn)
 e - a +0 pair of gloves (worn)
 r - a +0 cloak (worn)
 C - a +0 plate armour (worn)
Jewellery
 n - an uncursed amulet of magic regeneration
 A - a ring of ice (left hand)
 B - the macabre finger necklace {rN+}
   (You found it in a sewer)

   [amulet of nothing]

   It protects you from negative energy.
 G - an amulet of guardian spirit (around neck)
 I - an uncursed ring of protection from fire
Wands
 b - a wand of enslavement (9/24)
 H - a wand of flame (29/48)
 L - a wand of disintegration (13/24)
Scrolls
 i - 4 scrolls of teleportation
 j - a scroll of identify
 k - 7 scrolls of remove curse {unknown}
 s - a scroll of holy word {unknown}
 u - a scroll of fog {unknown}
 x - a scroll of immolation {unknown}
 y - 3 scrolls of recharging {unknown}
 z - a scroll of fear {unknown}
 E - a scroll of random uselessness {unknown}
 F - 2 scrolls of enchant weapon {unknown}
 K - 2 scrolls of blinking {unknown}
 N - a scroll of brand weapon {unknown}
Potions
 f - a potion of haste {unknown}
 g - 2 potions of curing
 h - a potion of resistance
 m - 2 potions of might
 o - a potion of cancellation
 q - a potion of berserk rage
 w - 2 potions of magic
 D - a potion of mutation
Comestibles
 c - 2 bread rations
 l - 3 meat rations
 p - 3 royal jellies
 t - 6 chunks of flesh
 J - 4 fruits


   Skills:
 - Level 4.2(4.0) Fighting
 * Level 14.7(14.5) Long Blades
 + Level 0.8(0.6) Axes
 * Level 4.2(4.0) Armour
 * Level 2.9(2.8) Dodging


You had 8 spell levels left.
You didn't know any spells.

Dungeon Overview and Level Annotations

Branches:
Dungeon (8/15)             Temple (0/1) D:4
   Lair: D:8-11

Altars:
Cheibriados
Dithmenos
Gozag
Nemelex Xobeh
Ru
Trog
Vehumet
Xom

Shops:
D:5 ?


Innate Abilities, Weirdness & Mutations

You reflexively headbutt those who attack you in melee.
You have a pair of horns on your head.


Message History

The death yak is lightly wounded.
The death yak gores you!!
The death yak bellows! x2
You hit the death yak but do no damage. You headbutt the death yak.
The death yak is lightly wounded.
The death yak gores you but does no damage.
The death yak gores you! The death yak gores you! The death yak gores you.
The death yak closely misses you.
Your skin crawls.
You feel resistant to hostile enchantments.
You are feeling hungry.
The death yak gores you!
* * * LOW HITPOINT WARNING * * *
The death yak gores you!
* * * LOW HITPOINT WARNING * * *
You see here a mace.
The death yak gores you!
You die...

#.. ######## #.# #......# #.#
#####.>..#.# #.#########
#......#.#.#######.#<.......
#.###....#....)#......######
###.........).#)<....#........
.....##.........[[.#.#....##..
.........####...@#.#.........
................YYY#.#..#.##..
............................ .
...............#..Y.##.##.###
.......#..#..#.#...Y.#.##.###
#####.#).................Y..#
#####.#...#.##.##....####.....
..........#....##....# ...
#####.....#.#####...## .Y..


You could see 5 death yaks.

Vanquished Creatures
  A hippogriff (D:7)
  A wyvern (D:7)
  A hungry ghost (D:7)
  An orc warrior (D:4)
  An ice beast (D:5)
  2 sky beasts (D:8)
  4 ogres
  2 centaurs
  A crocodile (D:8)
  A bullfrog (D:6)
  3 scorpions
  5 wights
  A howler monkey (D:6)
  A centaur zombie (D:8)
  Crazy Yiuf (D:2)
  8 orc priests
  A centaur skeleton (D:7)
  3 hounds
  2 jellies
  2 bullfrog skeletons
  2 iguanas
  5 orc wizards
  5 worker ants
  A hound zombie (D:6)
  2 hound skeletons
  3 gnolls (D:3)
  9 adders
  2 oozes
  An adder skeleton (D:7)
  3 worms
  2 dart slugs
  9 leopard geckos
  33 orcs
  11 bats
  11 giant cockroaches
  10 hobgoblins
  14 jackals
  4 kobolds
  3 quokkas
  4 ball pythons
  11 frilled lizards
  4 goblins
  7 rats
198 creatures vanquished.

Notes
Turn   | Place    | Note
-------+----------+-------------------------------------------
     0 | D:1      | Ladhar the Minotaur Berserker began the quest for the Orb.
     0 | D:1      | Reached XP level 1. HP: 19/19 MP: 0/0
   139 | D:1      | Reached skill level 4 in Long Blades
   203 | D:1      | Reached XP level 2. HP: 27/27 MP: 1/1
   456 | D:1      | Found a shimmering altar of Xom.
  1005 | D:1      | Reached XP level 3. HP: 33/33 MP: 2/2
  1102 | D:2      | Reached ** piety under Trog
  1453 | D:2      | Found a radiant altar of Vehumet.
  1585 | D:2      | Reached XP level 4. HP: 40/40 MP: 3/3
  1643 | D:2      | Reached skill level 5 in Long Blades
  1652 | D:2      | Found a snail-covered altar of Cheibriados.
  1714 | D:2      | Found an opulent altar of Gozag.
  1715 | D:2      | Found a sparkling altar of Nemelex Xobeh.
  1784 | D:2      | Found a runed door.
  1789 | D:2      | Noticed Crazy Yiuf
  1793 | D:2      | Killed Crazy Yiuf
  2397 | D:3      | Reached skill level 6 in Long Blades
  2397 | D:3      | Reached XP level 5. HP: 17/46 MP: 4/4
  2683 | D:3      | Found a sacrificial altar of Ru.
  2714 | D:3      | Reached skill level 7 in Long Blades
  2849 | D:3      | Found a bloodstained altar of Trog.
  3132 | D:4      | Reached XP level 6. HP: 48/52 MP: 5/5
  3176 | D:4      | Found a glowing drain.
  3186 | D:4      | Reached skill level 8 in Long Blades
  3205 | D:4      | Reached *** piety under Trog
  3244 | Sewer    | Entered a sewer
  3638 | D:4      | Found a shadowy altar of Dithmenos.
  3755 | D:4      | Reached skill level 9 in Long Blades
  3755 | D:4      | Reached XP level 7. HP: 45/59 MP: 6/6
  4582 | D:4      | Found a staircase to the Ecumenical Temple.
  4614 | D:5      | Entered Level 5 of the Dungeon
  4766 | D:5      | Reached skill level 10 in Long Blades
  4781 | D:5      | Found Guhaipt's Magic Scroll Shop.
  5096 | D:5      | Reached skill level 11 in Long Blades
  5096 | D:5      | Reached XP level 8. HP: 66/66 MP: 7/7
  5125 | D:5      | Reached **** piety under Trog
  5651 | D:6      | Reached skill level 12 in Long Blades
  6024 | D:6      | Reached skill level 13 in Long Blades
  6580 | D:7      | Reached XP level 9. HP: 46/71 MP: 8/8
  6663 | D:7      | Reached skill level 14 in Long Blades
  7115 | D:8      | Noticed a death yak
  7120 | D:8      | Noticed a death yak
  7122 | D:8      | Noticed a death yak
  7123 | D:8      | Noticed a death yak
  7124 | D:8      | Noticed a death yak
  7124 | D:8      | Noticed a death yak
  7125 | D:8      | Noticed a death yak
  7125 | D:8      | Noticed a two-headed ogre
  7222 | D:8      | Reached ***** piety under Trog
  7314 | D:8      | Slain by a death yak

Skill      XL: |  1  2  3  4  5  6  7  8  9 |
---------------+----------------------------+-----
Long Blades    | 4 6 7 9 11 13 14 | 14.7
Fighting       | 4 |  4.2
Armour         | 4 |  4.2
Axes           | |  0.8
Dodging        | |  2.9

Action                   |  1- 3 |  4- 6 |  7- 9 || total
-------------------------+-------+-------+-------++-------
Melee: Falchion          |    82 |   158 |   269 ||   509
       Headbutt          |    17 |    25 |    70 ||   112
       Hand axe          |       |       |    31 ||    31
Throw: Tomahawk          |       |       |     1 ||     1
Invok: Trog's Hand       |       |     2 |     3 ||     5
       Berserk           |       |     1 |     2 ||     3
       Burn Spellbooks   |       |       |     2 ||     2
  Use: Scroll            |       |     2 |    10 ||    12
  Eat: Chunk             |     1 |     3 |     5 ||     9
       Royal jelly       |     1 |       |     1 ||     2
       Bread ration      |       |     1 |     1 ||     2
       Meat ration       |       |       |     1 ||     1
Armor: Ring mail         |    30 |    42 |       ||    72
       Plate armour      |       |     9 |   148 ||   157
Dodge: Dodged            |    51 |    82 |    81 ||   214
       Rpst.: Falchion   |    11 |    18 |    14 ||    43
